 Dungeon Crawl Stone Soup version 0.30.0-30-g96aa6591b8 (webtiles) character file.

Game seed: 4622936955095211646

6123 qw the Cleaver (level 10, 0/64 HPs)
             Began as a Gargoyle Fighter on June 29, 2023.
             Was a Believer of Okawaru.
             Slain by Snorg (12 damage)
             ... on level 10 of the Dungeon.
             The game lasted 00:04:49 (8041 turns).

qw the Cleaver (Gargoyle Fighter)                   Turns: 8041, Time: 00:04:50

Health: 0/64       AC: 44    Str: 24    XL:     10   Next: 89%
Magic:  13/13      EV:  9    Int: 12    God:    Okawaru [**....]
Gold:   247        SH:  6    Dex:  9    Spells: 9/9 levels left

rFire   . . .        w - +4 war axe
rCold   . . .        c - +0 buckler
rNeg    + . .        u - +10 plate armour "Peosorry" {rF- Regen+ rCorr Int+3}
rPois   inf          p - +2 hat {Stlth+}
rElec   +            v - +1 cloak
rCorr   +            j - +2 pair of gloves
SInv    .            n - +2 pair of boots
Will    +....        (no amulet) Stlth
                     e - ring of protection from fire
HPRegen 1.10/turn    b - ring of willpower
MPRegen 0.13/turn

%: no passive effects
@: heroic
A: sickness immunity, AC +7, negative energy resistance 1, electricity
resistance, torment resistance 1, petrification resistance
a: Renounce Religion, Heroism


You were on level 10 of the Dungeon.
You worshipped Okawaru.
Okawaru was pleased with you.
You visited 2 branches of the dungeon, and saw 11 of its levels.
You also visited: Sewer.

You collected 387 gold pieces.
You spent 140 gold pieces at shops.


Innate Abilities, Weirdness & Mutations

You are immune to sickness and miasma.
Your stone body is resilient. (AC +7)
You are immune to poison.
You resist negative energy. (rN+)
You are resistant to electric shocks. (rElec)
You are resistant to unholy torment.
You are immune to petrification.


   Skills:
 - Level 8.3(13.3) Fighting
 + Level 10.5(15.5) Axes
 - Level 1.1(6.1) Throwing
 - Level 7.0(12.0) Armour
 - Level 1.1(6.1) Dodging
 - Level 6.8(11.8) Shields
 - Level 4.1 Invocations


You had 9 spell levels left.
You didn't know any spells.
Your spell library was empty.

Inventory:

Hand Weapons
 w - a +4 war axe (weapon)
 x - a +4 morningstar
Missiles
 a - a boomerang (quivered)
Armour
 c - a +0 buckler (worn)
 j - a +2 pair of gloves (worn)
 n - a +2 pair of boots (worn)
 p - a +2 hat of stealth (worn)
 u - the +10 plate armour "Peosorry" (worn) {rF- Regen+ rCorr Int+3}
   (You found it on level 5 of the Dungeon)

   Int:       It affects your intelligence (+3).
   rF:        It makes you vulnerable to fire.
   Regen:     It increases your rate of health regeneration.
   rCorr:     It protects you from acid and corrosion.
 v - a +1 cloak (worn)
Jewellery
 b - a ring of willpower (right hand)
 e - a ring of protection from fire (left hand)
 q - a ring of ice
 y - a ring of fire
 Y - a ring of positive energy
Wands
 r - a wand of digging (6)
Scrolls
 h - 4 scrolls of teleportation
 k - a scroll of identify
Potions
 d - 2 potions of might
 f - 4 potions of mutation
 g - 3 potions of heal wounds
 i - 7 potions of curing
 l - 3 potions of attraction
 m - 2 potions of magic
 o - 3 potions of lignification
 s - a potion of haste
 t - a potion of cancellation {unknown}
 z - a potion of ambrosia {unknown}

Dungeon Overview and Level Annotations

Branches:
Dungeon (10/15)            Temple (1/1) D:5           Sewer (visited)
   Lair: D:8-11         Orc: D:9-12

Altars:
Ashenzari
Cheibriados
Dithmenos
Elyvilon
Fedhas
Gozag
Hepliaklqana
Kikubaaqudgha
Makhleb
Nemelex Xobeh
Okawaru
Qazlal
Ru
Sif Muna
Trog
Uskayaw
Vehumet
Wu Jian
Xom
Yredelemnul
Zin
The Shining One

Shops:
D:5 =!(:

Annotations:
D:10 Snorg


Message History

You closely miss Snorg.
Snorg is moderately wounded.
You closely miss the vampire mosquito.
You block the vampire mosquito's attack.
Snorg closely misses you. Snorg claws you but does no damage. x2
The vampire mosquito closely misses you.
You slice Snorg!!
Snorg is moderately wounded.
You barely miss the vampire mosquito.
You block Snorg's attack. x2; Snorg closely misses you.
The vampire mosquito bites you but does no damage.
You barely miss Snorg.
Snorg is moderately wounded.
You slash the vampire mosquito!
The vampire mosquito bites you but does no damage.
You block Snorg's attack. x2; Snorg closely misses you.
You block the vampire mosquito's attack.
You slash the vampire mosquito!
You destroy the vampire mosquito!
Okawaru accepts your kill.
You slash Snorg! Snorg bites you but does no damage.
Snorg claws you but does no damage. Snorg barely misses you.
Snorg bites you but does no damage. Snorg claws you but does no damage.
Snorg barely misses you.
You hit Snorg.
Snorg is heavily wounded.
Snorg bites you! Snorg claws you but does no damage. Snorg barely misses you.
You closely miss Snorg.
Snorg is heavily wounded.
Snorg bites you but does no damage. You block Snorg's attack.
Snorg claws you but does no damage.
You slash Snorg!
Snorg is heavily wounded.
Snorg bites you. You block Snorg's attack. Snorg barely misses you.
You slash Snorg!
Snorg is severely wounded.
Snorg bites you! Snorg claws you! Snorg claws you but does no damage.
8041 ||| STAIRDANCE Magic restored.
Snorg bites you!
You die...

#. ##.#######
###........#
.....<....###
#...........
#........#
#..%.)...#
#...@T...#
#........#
#######.## #


You could see Snorg (berserk).

Vanquished Creatures
  Gastronok (D:9)
  A troll (D:9)
  Grinder (D:4)
  Eustachio (D:4)
  2 steam dragons (D:9)
  Menkaure (D:4)
  2 vampire mosquitoes (D:10)
  Duvessa (D:4)
  3 sky beasts
  2 ice beasts
  3 orc warriors (D:9)
  A black bear (D:7)
  3 ogres
  2 centaurs
  5 kobold brigands
  6 bullfrogs
  A gnoll sergeant (D:8)
  2 scorpions
  A jelly (D:7)
  9 wights
  Dowan (D:4)
  4 killer bees (D:9)
  3 orc priests
  3 hounds
  An iron imp (D:6)
  A sleepcap (D:6)
  An iguana (D:4)
  Natasha (thrice) (D:3)
  6 orc wizards
  7 gnolls
  5 river rats (Sewer)
  15 adders
  A shadow imp (D:7)
  A white imp (D:6)
  A worm (D:2)
  A dart slug (D:1)
  21 orcs
  6 endoplasms
  6 giant cockroaches
  14 goblins
  12 hobgoblins
  8 jackals
  5 quokkas
  22 ball pythons
  2 bats
  3 frilled lizards
  43 kobolds
  34 rats
278 creatures vanquished.

Notes
Turn   | Place    | Note
-------+----------+-------------------------------------------
     0 | D:1      | qw the Gargoyle Fighter began the quest for the Orb.
     0 | D:1      | Reached XP level 1. HP: 14/14 MP: 1/1
     0 | D:1      | 0 ||| qw: Version: 0.3-a-24-g47d1e69
     0 | D:1      | 0 ||| qw: Game counter: 1532
     0 | D:1      | 0 ||| qw: Melee chars always use a shield: true
     0 | D:1      | 0 ||| qw: God list: Okawaru
     0 | D:1      | 0 ||| qw: Allow faded altars: false
     0 | D:1      | 0 ||| qw: Do Orc after clearing Dungeon:15 true
     0 | D:1      | 0 ||| qw: Do second Lair branch before Depths: true
     0 | D:1      | 0 ||| qw: Lair rune preference: random
     0 | D:1      | 0 ||| qw: Goals: Normal, Zot:1-4, Slime:5, God:TSO, Crypt,
                  | Tomb, Abyss, Pan, Hells, Win
     0 | D:1      | 0 ||| PLANNING D:1-11
    34 | D:1      | Reached skill level 2 in Axes
    65 | D:1      | 65 ||| Stepping ~*~*~tactically~*~*~ (hiding).
   196 | D:1      | 196 ||| Stepping ~*~*~tactically~*~*~ (stealth).
   201 | D:1      | Reached XP level 2. HP: 19/19 MP: 2/2
   201 | D:1      | 201 ||| Stepping ~*~*~tactically~*~*~ (stealth).
   267 | D:1      | 267 ||| Stepping ~*~*~tactically~*~*~ (hiding).
   268 | D:1      | 268 ||| Stepping ~*~*~tactically~*~*~ (hiding).
   270 | D:1      | 270 ||| Stepping ~*~*~tactically~*~*~ (hiding).
   363 | D:1      | 363 ||| Stepping ~*~*~tactically~*~*~ (hiding).
   378 | D:1      | 378 ||| Stepping ~*~*~tactically~*~*~ (stealth).
   392 | D:1      | 392 ||| Stepping ~*~*~tactically~*~*~ (stealth).
   570 | D:1      | Reached skill level 3 in Axes
   572 | D:1      | 572 ||| Stepping ~*~*~tactically~*~*~ (stealth).
   626 | D:1      | Reached XP level 3. HP: 23/23 MP: 3/3
   826 | D:1      | 826 ||| Stepping ~*~*~tactically~*~*~ (hiding).
   850 | D:1      | 850 ||| Stepping ~*~*~tactically~*~*~ (stealth).
  1077 | D:1      | 1077 ||| UPGRADING to +0 chain mail.
  1087 | D:1      | 1087 ||| DROPPING +0 scale mail.
  1088 | D:1      | 1088 ||| UPGRADING to ring of protection from fire.
  1089 | D:1      | 1089 ||| READING scroll labelled KOEQEMO EZIRIKA.
  1090 | D:1      | 1090 ||| READING 2 scrolls labelled PUDGHA YNWE.
  1091 | D:1      | 1091 ||| READING scroll of enchant weapon.
  1091 | D:1      | 1091 ||| ENCHANTING +1 war axe.
  1092 | D:1      | 1092 ||| READING scroll labelled YPLIAS VIAVA.
  1093 | D:1      | 1093 ||| READING scroll labelled BOINKO LIHEJO.
  1094 | D:1      | 1094 ||| DRINKING 2 bubbling yellow potions.
  1095 | D:1      | 1095 ||| DROPPING potion of flight.
  1172 | D:2      | Reached skill level 1 in Throwing
  1207 | D:2      | Reached XP level 4. HP: 23/28 MP: 4/4
  1254 | D:2      | 1254 ||| Stepping ~*~*~tactically~*~*~ (hiding).
  1269 | D:2      | Reached skill level 4 in Axes
  1385 | D:2      | You fall into a shaft and drop 1 floor!
  1388 | D:3      | 1388 ||| PLANNING SEWER
  1464 | D:3      | Reached XP level 5. HP: 24/32 MP: 5/5
  1464 | D:3      | 1464 ||| FLEEEEING.
  1465 | D:3      | 1465 ||| FLEEEEING.
  1466 | D:3      | 1466 ||| FLEEEEING.
  1467 | D:3      | 1467 ||| FLEEEEING.
  1468 | D:3      | 1468 ||| FLEEEEING.
  1469 | D:3      | 1469 ||| FLEEEEING.
  1470 | D:3      | 1470 ||| FLEEEEING.
  1471 | D:3      | 1471 ||| FLEEEEING.
  1472 | D:3      | 1472 ||| FLEEEEING.
  1473 | D:3      | 1473 ||| FLEEEEING.
  1474 | D:3      | 1474 ||| FLEEEEING.
  1475 | D:3      | 1475 ||| FLEEEEING.
  1476 | D:3      | 1476 ||| STAIRDANCE
  1496 | D:2      | 1496 ||| UPGRADING to +2 pair of gloves.
  1501 | D:2      | 1501 ||| READING scroll labelled QITE FEGOXUBB.
  1525 | D:3      | 1525 ||| Stepping ~*~*~tactically~*~*~ (hiding).
  1533 | D:3      | HP: 7/32 [orc priest/divine providence (15)]
  1664 | D:3      | 1664 ||| DROPPING +0 club.
  1851 | D:3      | Found a glowing drain.
  1857 | D:3      | Noticed Natasha
  1862 | D:3      | Killed Natasha
  1863 | D:3      | Reached skill level 5 in Axes
  1921 | D:3      | Noticed Natasha
  1922 | D:3      | 1922 ||| Stepping ~*~*~tactically~*~*~ (stealth).
  1923 | D:3      | 1923 ||| READING 3 scrolls of identify.
  1923 | D:3      | 1923 ||| IDENTIFYING smoky brown potion
  1924 | D:3      | 1924 ||| READING 2 scrolls of identify.
  1924 | D:3      | 1924 ||| IDENTIFYING fizzy grey potion
  1925 | D:3      | 1925 ||| Stepping ~*~*~tactically~*~*~ (stealth).
  1932 | D:3      | Killed Natasha
  2046 | D:3      | Reached XP level 6. HP: 37/38 MP: 6/6
  2053 | Sewer    | Entered a sewer
  2067 | Sewer    | 2067 ||| Stepping ~*~*~tactically~*~*~ (water).
  2070 | Sewer    | 2070 ||| Stepping ~*~*~tactically~*~*~ (water).
  2106 | Sewer    | 2106 ||| Stepping ~*~*~tactically~*~*~ (stealth).
  2110 | Sewer    | 2110 ||| Stepping ~*~*~tactically~*~*~ (stealth).
  2114 | Sewer    | 2114 ||| Stepping ~*~*~tactically~*~*~ (stealth).
  2293 | Sewer    | 2293 ||| Stepping ~*~*~tactically~*~*~ (water).
  2372 | Sewer    | 2372 ||| Stepping ~*~*~tactically~*~*~ (water).
  2385 | Sewer    | Reached skill level 6 in Axes
  2385 | Sewer    | Reached XP level 7. HP: 25/43 MP: 7/7
  2467 | Sewer    | 2467 ||| READING scroll of enchant weapon.
  2467 | Sewer    | 2467 ||| ENCHANTING +2 war axe.
  2471 | Sewer    | 2471 ||| READING scroll labelled ICUKYMNOTH.
  2472 | Sewer    | 2472 ||| READING scroll labelled NOLYPN AWIPO.
  2473 | Sewer    | 2473 ||| DRINKING 3 fuming red potions.
  2474 | Sewer    | 2474 ||| DRINKING 2 fuming puce potions.
  2478 | D:3      | 2478 ||| PLANNING D:1-11
  2923 | D:2      | 2923 ||| READING scroll labelled VUIFEIFUCIO.
  3039 | D:3      | Noticed Natasha
  3040 | D:3      | 3040 ||| Stepping ~*~*~tactically~*~*~ (hiding).
  3041 | D:3      | 3041 ||| Stepping ~*~*~tactically~*~*~ (hiding).
  3042 | D:3      | 3042 ||| Stepping ~*~*~tactically~*~*~ (hiding).
  3043 | D:3      | 3043 ||| Stepping ~*~*~tactically~*~*~ (hiding).
  3044 | D:3      | 3044 ||| Stepping ~*~*~tactically~*~*~ (hiding).
  3048 | D:3      | Killed Natasha
  3049 | D:3      | Reached skill level 1 in Dodging
  3365 | D:3      | 3365 ||| READING 2 scrolls of identify.
  3365 | D:3      | 3365 ||| IDENTIFYING emerald potion
  3528 | D:4      | Found a white marble altar of Elyvilon.
  3633 | D:4      | Noticed Eustachio
  3709 | D:4      | Killed Eustachio
  3710 | D:4      | Reached skill level 7 in Axes
  3871 | D:4      | Reached XP level 8. HP: 45/49 MP: 8/8
  3993 | D:4      | Noticed Grinder
  3994 | D:4      | Noticed Menkaure
  3996 | D:4      | 3996 ||| Stepping ~*~*~tactically~*~*~ (hiding).
  3997 | D:4      | 3997 ||| Stepping ~*~*~tactically~*~*~ (hiding).
  3998 | D:4      | 3998 ||| Stepping ~*~*~tactically~*~*~ (hiding).
  3998 | D:4      | Noticed Duvessa
  4004 | D:4      | Killed Menkaure
  4019 | D:4      | Killed Grinder
  4019 | D:4      | Killed Duvessa
  4020 | D:4      | Reached skill level 8 in Axes
  4020 | D:4      | Noticed Dowan
  4021 | D:4      | 4021 ||| FLEEEEING.
  4029 | D:4      | HP: 8/49 [Dowan/stone arrow (10)]
  4030 | D:4      | 4030 ||| READING 3 scrolls of teleportation.
  4031 | D:4      | 4031 ||| DRINKING 2 potions of heal wounds.
  4074 | D:4      | Killed Dowan
  4235 | D:4      | 4235 ||| Stepping ~*~*~tactically~*~*~ (hiding).
  4236 | D:4      | 4236 ||| Stepping ~*~*~tactically~*~*~ (hiding).
  4242 | D:4      | 4242 ||| DRINKING 2 potions of curing.
  4242 | D:4      | 4242 ||| (to cure confusion)
  4271 | D:4      | Reached skill level 6 in Fighting
  4290 | D:4      | Identified the +4 dagger of the Pure Shrikes {vamp, +Blink
                  | Str+6 Dex-2 Stlth+}
  4344 | D:4      | 4344 ||| DROPPING scarf of invisibility.
  4345 | D:4      | 4345 ||| READING scroll labelled UWIAQ UBAHUMU.
  4346 | D:4      | 4346 ||| DRINKING 2 glowing black potions.
  4408 | D:5      | Entered Level 5 of the Dungeon
  4410 | D:5      | Found Beomn's Jewellery Boutique.
  4427 | D:5      | 4427 ||| SHOPLISTING +5 ring of evasion (396 gold, have
                  | 156).
  4427 | D:5      | 4427 ||| SHOPLISTING amulet of faith (440 gold, have 156).
  4427 | D:5      | 4427 ||| SHOPLISTING amulet of regeneration (330 gold, have
                  | 156).
  4427 | D:5      | 4427 ||| SHOPLISTING amulet of the acrobat (330 gold, have
                  | 156).
  4427 | D:5      | 4427 ||| SHOPLISTING ring "Fogodupn" {rF+ Will- rCorr Str-5
                  | Dex+7} (413 gold, have 156).
  4427 | D:5      | 4427 ||| SHOPLISTING ring of protection from cold (275
                  | gold, have 156).
  4427 | D:5      | 4427 ||| DROPPING +0 mace.
  4473 | D:5      | Found Ciusm's Antique Weapon Emporium.
  4481 | D:5      | 4481 ||| SHOPLISTING glowing broad axe (161 gold, have
                  | 156).
  4498 | D:5      | Found Tuady's Distillery.
  4530 | D:5      | 4530 ||| BUYING potion of attraction (30 gold).
  4530 | D:5      | Bought a potion of attraction for 30 gold pieces
  4530 | D:5      | 4530 ||| BUYING potion of curing (30 gold).
  4530 | D:5      | Bought a potion of curing for 30 gold pieces
  4530 | D:5      | 4530 ||| BUYING potion of heal wounds (50 gold).
  4530 | D:5      | Bought a potion of heal wounds for 50 gold pieces
  4530 | D:5      | 4530 ||| SHOPLISTING potion of heal wounds (50 gold, have
                  | 46).
  4530 | D:5      | 4530 ||| BUYING potion of lignification (30 gold).
  4530 | D:5      | Bought a potion of lignification for 30 gold pieces
  4530 | D:5      | 4530 ||| SHOPLISTING potion of might (40 gold, have 16).
  4530 | D:5      | 4530 ||| SHOPLISTING potion of mutation (80 gold, have 16).
  4530 | D:5      | 4530 ||| SHOPLISTING potion of resistance (100 gold, have
                  | 16).
  4550 | D:5      | Identified the +10 plate armour "Peosorry" {rF- Regen+
                  | rCorr Int+3}
  4629 | D:5      | Found Obbomual's Book Emporium.
  4633 | D:5      | 4633 ||| READING scroll of enchant weapon.
  4633 | D:5      | 4633 ||| ENCHANTING +3 war axe.
  4799 | D:5      | Found a staircase to the Ecumenical Temple.
  4800 | D:5      | 4800 ||| PLANNING TEMPLE
  4842 | D:5      | 4842 ||| UPGRADING to +10 plate armour "Peosorry" {rF-
                  | Regen+ rCorr Int+3}.
  4852 | D:5      | 4852 ||| DROPPING +0 chain mail.
  4853 | D:5      | 4853 ||| READING 2 scrolls labelled SAINTA RERRARE.
  4854 | D:5      | 4854 ||| READING scroll labelled XISCHY TOIKKUO.
  4855 | D:5      | 4855 ||| DROPPING scroll of fog.
  4864 | Temple   | Entered the Ecumenical Temple
  4877 | Temple   | 4877 ||| PLANNING OKAWARU WORSHIP
  5056 | Temple   | Became a worshipper of Warmaster Okawaru
  5057 | Temple   | 5057 ||| PLANNING D:1-11
  5234 | D:6      | Reached XP level 9. HP: 55/55 MP: 9/9
  5250 | D:6      | 5250 ||| Stepping ~*~*~tactically~*~*~ (hiding).
  5277 | D:6      | 5277 ||| Stepping ~*~*~tactically~*~*~ (stealth).
  5302 | D:6      | 5302 ||| Stepping ~*~*~tactically~*~*~ (hiding).
  5304 | D:6      | 5304 ||| Stepping ~*~*~tactically~*~*~ (hiding).
  5305 | D:6      | 5305 ||| Stepping ~*~*~tactically~*~*~ (hiding).
  5521 | D:6      | Found a snail-covered altar of Cheibriados.
  5621 | D:6      | Found a shimmering altar of Xom.
  5670 | D:6      | Reached skill level 9 in Axes
  5710 | D:6      | Reached * piety under Okawaru
  5763 | D:6      | 5763 ||| UPGRADING to +0 pair of boots.
  5768 | D:6      | 5768 ||| UPGRADING to +0 cloak.
  5773 | D:6      | 5773 ||| READING 3 scrolls of enchant armour.
  5773 | D:6      | 5773 ||| ENCHANTING +0 pair of boots.
  5774 | D:6      | 5774 ||| READING 2 scrolls of enchant armour.
  5774 | D:6      | 5774 ||| ENCHANTING +1 pair of boots.
  5775 | D:6      | 5775 ||| READING scroll of enchant armour.
  5775 | D:6      | 5775 ||| ENCHANTING +0 cloak.
  5776 | D:6      | 5776 ||| UPGRADING to ring of positive energy.
  5915 | D:7      | 5915 ||| Stepping ~*~*~tactically~*~*~ (hiding).
  5942 | D:7      | Found an ornate altar of the Wu Jian Council.
  5964 | D:7      | 5964 ||| FLEEEEING.
  5965 | D:7      | 5965 ||| FLEEEEING.
  5971 | D:7      | Reached skill level 1 in Invocations
  5975 | D:7      | 5975 ||| INVOKING Heroism.
  5981 | D:7      | Reached skill level 6 in Armour
  5993 | D:7      | Reached skill level 3 in Invocations
  6010 | D:7      | 6010 ||| DROPPING +0 flail.
  6020 | D:7      | Found a flagged portal.
  6141 | D:7      | 6141 ||| INVOKING Heroism.
  6540 | D:7      | 6540 ||| UPGRADING to ring of willpower.
  6552 | D:8      | 6552 ||| Stepping ~*~*~tactically~*~*~ (hiding).
  6555 | D:8      | 6555 ||| Stepping ~*~*~tactically~*~*~ (stealth).
  6593 | D:8      | Reached ** piety under Okawaru
  6608 | D:8      | Reached XP level 10. HP: 63/63 MP: 13/13
  6693 | D:8      | 6693 ||| Stepping ~*~*~tactically~*~*~ (hiding).
  6778 | D:8      | Reached skill level 10 in Axes
  6786 | D:8      | Identified the +6 quarterstaff "Killer Bee's Curse" {heavy,
                  | Will+}
  6906 | D:8      | Found a sparkling altar of Nemelex Xobeh.
  6906 | D:8      | Found an ancient bone altar of Kikubaaqudgha.
  6907 | D:8      | Found a broken altar of Ashenzari.
  7075 | D:8      | Found a sacrificial altar of Ru.
  7106 | D:8      | 7106 ||| DRINKING 2 silvery potions.
  7107 | D:8      | 7107 ||| DROPPING potion of degeneration.
  7171 | D:9      | 7171 ||| Stepping ~*~*~tactically~*~*~ (hiding).
  7172 | D:9      | 7172 ||| Stepping ~*~*~tactically~*~*~ (hiding).
  7173 | D:9      | 7173 ||| Stepping ~*~*~tactically~*~*~ (hiding).
  7174 | D:9      | 7174 ||| Stepping ~*~*~tactically~*~*~ (hiding).
  7214 | D:9      | 7214 ||| Stepping ~*~*~tactically~*~*~ (stealth).
  7280 | D:9      | 7280 ||| INVOKING Heroism.
  7283 | D:9      | 7283 ||| Stepping ~*~*~tactically~*~*~ (stealth).
  7303 | D:9      | Found a blossoming altar of Fedhas.
  7360 | D:9      | 7360 ||| INVOKING Heroism.
  7443 | D:9      | 7443 ||| INVOKING Heroism.
  7444 | D:9      | 7444 ||| Stepping ~*~*~tactically~*~*~ (cloud).
  7447 | D:9      | 7447 ||| Stepping ~*~*~tactically~*~*~ (hiding).
  7513 | D:9      | 7513 ||| Stepping ~*~*~tactically~*~*~ (hiding).
  7515 | D:9      | 7515 ||| Stepping ~*~*~tactically~*~*~ (hiding).
  7520 | D:9      | 7520 ||| INVOKING Heroism.
  7588 | D:9      | Noticed Gastronok
  7589 | D:9      | 7589 ||| FLEEEEING.
  7593 | D:9      | 7593 ||| INVOKING Heroism.
  7594 | D:9      | HP: 13/64 [Gastronok/the air (50)]
  7595 | D:9      | 7595 ||| FLEEEEING.
  7596 | D:9      | 7596 ||| FLEEEEING.
  7597 | D:9      | 7597 ||| FLEEEEING.
  7617 | D:9      | 7617 ||| FLEEEEING.
  7622 | D:9      | 7622 ||| STAIRDANCE
  7641 | D:8      | 7641 ||| DRINKING 2 sapphire potions.
  7642 | D:8      | 7642 ||| DROPPING potion of brilliance.
  7645 | D:9      | 7645 ||| INVOKING Heroism.
  7662 | D:9      | 7662 ||| INVOKING Heroism.
  7667 | D:9      | Killed Gastronok
  7668 | D:9      | Reached skill level 6 in Shields
  7741 | D:9      | Found a shimmering blue altar of Sif Muna.
  7802 | D:9      | 7802 ||| Stepping ~*~*~tactically~*~*~ (hiding).
  7977 | D:9      | 7977 ||| UPGRADING to +2 hat of stealth.
  8021 | D:10     | Entered Level 10 of the Dungeon
  8021 | D:10     | Noticed Snorg
  8022 | D:10     | 8022 ||| INVOKING Heroism.
  8040 | D:10     | HP: 11/64 [Snorg (10)]
  8041 | D:10     | 8041 ||| STAIRDANCE
  8041 | D:10     | Slain by Snorg

Levels and vault maps discovered:
D:1:      evilmike_arrival_home_sweet_home, layout_loops_ring,
          minmay_misc_feat_alley, lexackson_kobold_supper
D:2:      layout_basic, nicolae_grassy_gnolls
D:3:      layout_loops_cross, gup_sewer_entry_glass, minivault_24,
          minmay_misc_feat_nine_boxes, uniq_natasha
D:4:      layout_basic, mainiacjoe_overflow_six_doors_small,
          minmay_ogre_servants, uniq_menkaure, uniq_grinder, uniq_duvessa,
          uniq_eustachio
D:5:      layout_cave_pools, minmay_temple_entry_statues, serial_shops, shop,
          shop, shop, shop
D:6:      layout_gridville, general_overflow_altar, slow_altar_1
D:7:      layout_basic, nicolae_wu_jian_wuxing_cycle, enter_bailey_5
D:8:      layout_cave_pools, marbit_many_paths, gammafunk_temple_overflow_claw,
          serial_glass, glass_columns_b, glass_columns_c, glass_columns_c,
          glass_columns_a, glass_columns_a, glass_columns_a,
          due_unseen_surprise, minmay_strange_pillars, feat_on_display,
          feat_on_display
D:9:      layout_gridville, mainiacjoe_overflow_catwalk,
          lemuel_coloured_pillars_altar, lemuel_flame_loot_1, uniq_gastronok
D:10:     layout_roguey, david_lair_shrubbed, serial_shops, shop, uniq_lodul,
          uniq_snorg
Temple:   minmay_temple_bridge_abc

Skill      XL: |  1  2  3  4  5  6  7  8  9 10 |
---------------+-------------------------------+-----
Axes           | 2 3 4 5 6 7 8 9 10 | 10.5
Throwing       | 1 |  1.1
Fighting       | 4 5 6 7 8 |  8.3
Dodging        | 1 |  1.1
Armour         | 5 6 7 |  7.0
Shields        | 4 6 |  6.8
Invocations    | 4 |  4.1

Action                     |  1- 3 |  4- 6 |  7- 9 | 10-12 || total
---------------------------+-------+-------+-------+-------++-------
  Melee: War axe           |   113 |   136 |   337 |   152 ||   738
         Unarmed           |       |     4 |       |       ||     4
  Throw: Javelin           |    13 |    37 |     6 |       ||    56
         Boomerang         |       |       |    47 |     3 ||    50
 Invoke: Heroism           |       |       |     2 |     8 ||    10
    Use: Scroll            |     5 |     3 |    13 |       ||    21
         Potion            |     1 |       |     5 |     2 ||     8
 Armour: Scale mail        |    33 |       |       |       ||    33
         Chain mail        |    27 |    80 |   134 |       ||   241
         Plate armour      |       |       |   135 |   128 ||   263
  Dodge: Dodged            |    36 |    66 |   151 |    62 ||   315
  Block: Buckler           |    27 |    33 |    67 |    39 ||   166

Table legend:
 A = Non-vault XP
 B = Vault XP
 C = Vault XP percentage of total XP
 D = Non-vault monster count
 E = Vault monster count
 F = Vault count percentage of total count
                 A         B        C        D         E       F
            +---------+---------+-------+---------+---------+-------
      Total |    5747 |    3001 |  34.3 |     190 |      88 |  31.7
            +---------+---------+-------+---------+---------+-------
        D:1 |      44 |      10 |  18.5 |      25 |       8 |  24.2
        D:2 |      81 |      44 |  35.2 |      18 |       3 |  14.3
        D:3 |     168 |      50 |  22.9 |      25 |       3 |  10.7
        D:4 |     297 |     995 |  77.0 |      16 |      14 |  46.7
        D:5 |     120 |       0 |   0.0 |       7 |       0 |   0.0
        D:6 |     812 |      39 |   4.6 |      23 |       1 |   4.2
        D:7 |    1171 |       8 |   0.7 |      19 |       4 |  17.4
        D:8 |     840 |      35 |   4.0 |      15 |       1 |   6.2
        D:9 |    1745 |    1487 |  46.0 |      39 |       1 |   2.5
       D:10 |     469 |       0 |   0.0 |       3 |       0 |   0.0
      Sewer |       0 |     333 | 100.0 |       0 |      53 | 100.0
            +---------+---------+-------+---------+---------+-------
